 Dungeon Crawl Stone Soup version 0.14-a0-1403-g5d3c58f (webtiles) character file.

112 M4edhros the Sneak (level 4, -1/28 HPs)
             Began as an Octopode Artificer on Dec 10, 2013.
             Slain by an iguana (11 damage)
             ... on Level 4 of the Dungeon.
             The game lasted 00:01:25 (1032 turns).

M4edhros the Sneak (Octopode Artificer)             Turns: 1032, Time: 00:01:25

HP  -1/28        AC  1     Str 10      XL: 4   Next: 22%
MP  15/15        EV 13     Int 15      God:
Gold 42          SH  0     Dex 12      Spells:  0 memorised,  3 levels left

rFire  . . .     SeeInvis .     i - +1,+3 dwarf short sword (venom)
rCold  . . .     Clarity  .     (no shield)
rNeg   . . .     Conserve .     (helmet restricted)
rPois  .         rCorr    .     (no amulet)
rElec  .         rRot     .     k - ring of magical power
SustAb . .       Spirit   .     (no ring)
rMut   .         Warding  .     (no ring)
Saprov . . .     Stasis   .     (no ring)
                                (no ring)
                                (no ring)
                                (no ring)
                                (no ring)

@: slightly resistant to hostile enchantments, quite stealthy
A: almost no armour, amphibious, 8 rings, constrict 8, camouflage 1, gelatinous
body 1
a: no special abilities


You were on level 4 of the Dungeon.
You were not hungry.

You visited 1 branch of the dungeon, and saw 4 of its levels.

You collected 42 gold pieces.

Inventory:

Hand weapons
 a - a +0,+0 short sword
 i - a +1,+3 dwarven short sword of venom (weapon)
Magical devices
 b - a wand of flame (15)
 c - a wand of enslavement (14)
 d - a wand of random effects (15)
Comestibles
 f - 4 bread rations
 g - a choko
 p - 11 sultanas
 q - a meat ration
 r - a slice of pizza
Scrolls
 h - 2 scrolls of identify {unknown}
 j - a scroll of teleportation {unknown}
 m - a scroll of magic mapping {unknown}
 n - a scroll of curse weapon {unknown}
 s - a scroll of blinking {unknown}
Jewellery
 k - a ring of magical power (left tentacle)
 o - a +2 ring of intelligence {unknown}
Potions
 e - 2 potions of heal wounds {unknown}


   Skills:
 - Level 1.0 Fighting
 - Level 1.0 Short Blades
 + Level 3.2 Dodging
 * Level 4.3 Stealth
 - Level 3.2 Evocations


You had 3 spell levels left.
You didn't know any spells.

Dungeon Overview and Level Annotations

Branches:
Dungeon (4/16)
 Temple: D:4-7

Altars:

Annotations:
D:2 Sigmund


Innate Abilities, Weirdness & Mutations

You cannot wear most types of armour.
You are amphibious.
You can wear up to eight rings at the same time.
You can use your tentacles to constrict many enemies at once.
Your skin changes colour to match your surroundings (Stlth).
Your rubbery body absorbs attacks (AC +1).


Message History

There is a stone staircase leading up here.
There is a stone staircase leading up here.
You open the door.
There is an open door here.
You open the large door.
Found a dire flail.
An iguana comes into view.
Found a scroll labeled WOGUMANNAA and a crude short sword.
There is a large open door here.
An iguana is nearby!
The iguana hisses angrily.
You hit the iguana.
The iguana is poisoned.
You grab the iguana.
The iguana is lightly wounded.
You constrict the iguana, but do no damage.
The iguana bites you!
Ouch! That really hurt!
You barely miss the iguana.
The iguana is lightly wounded.
You constrict the iguana. The iguana bites you!
You die...

... ...... ......
#.)..###########
#....#.........#
#....#.........#
#....#.........#
#...l#.........#
#...@#.#####...#
#....#.#...'...#
#....'.#...#<..#
........'.#####...#
##.....)#.........#
#......#.........#
#......###########
....... ......


You could see an iguana.

Vanquished Creatures
  2 adders (D:2)
  3 giant mites (D:2)
  2 giant geckos
  A ball python (D:2)
  2 goblins
  5 hobgoblins
  2 jackals (D:2)
  5 kobolds
  2 bats (D:2)
  2 giant cockroaches
  2 giant newts
  4 rats (D:2)
32 creatures vanquished.

Notes
Turn   | Place    | Note
--------------------------------------------------------------
     0 | D:1      | M4edhros, the Octopode Artificer, began the quest for the Orb.
     0 | D:1      | Reached XP level 1. HP: 13/13 MP: 1/1
   138 | D:1      | Reached XP level 2. HP: 16/18 MP: 3/3
   582 | D:2      | Reached XP level 3. HP: 23/23 MP: 4/4
   661 | D:2      | Reached skill level 4 in Stealth
   686 | D:2      | Noticed Sigmund
   697 | D:2      | Reached XP level 4. HP: 10/28 MP: 6/6
  1032 | D:4      | Slain by an iguana

Action                   |  1- 3 |  4- 6 || total
-------------------------+-------+-------++-------
Melee: Short sword       |    45 |    13 ||    58
Evoke: Wand              |     1 |       ||     1
 Stab: Sleeping          |    10 |     1 ||    11
